[Event "Late-Titled-Tuesday-Blitz-June-04-2024"]
[Site "Chess.com"]
[Date "2024.06.04"]
[Round "10"]
[White "Smoking_Crow"]
[Black "ChessQueen"]
[Result "0-1"]
[WhiteElo "2567"]
[BlackElo "2742"]
[TimeControl "180+1"]
[EndTime "15:54:20 PDT"]
[Termination "ChessQueen won by resignation"]

1. e4 c6 2. d4 d5 3. Nc3 dxe4 4. Nxe4 Nf6 5. Nxf6+ exf6 6. c3 Bd6 7. Bd3 Na6 8. Ne2 Nc7 9. O-O O-O 10. Qc2 g6 11. c4 Ne6 12. b3 Ng7 13. Bb2 Be6 14. Rfe1 Re8 15. h3 Bc7 16. Rad1 Qd7 17. Nc3 Bxh3 18.
Ne4 Nh5 19. gxh3 Qxh3 20. f3 Qxf3 21. Qf2 Qg4+ 22. Qg2 Qh4 23. d5 cxd5 24. cxd5 f5 25. Nf2 Bb6 26. Rxe8+ Rxe8 27. Bb5 Nf4 28. Qf3 Bxf2+ 29.
Kf1 Re3 30. Rc1 f6 31. Rc8+ Kg7 32. Rc7+ Kh6 33. Qxf2 Qh3+ 34. Kg1 Rg3+ 35. Qxg3 Qxg3+ 36. Kf1 Qg2+ 0-1

[Event "Late-Titled-Tuesday-Blitz-June-04-2024"]
[Site "Chess.com"]
[Date "2024.06.04"]
[Round "10"]
[White "gamboajp"]
[Black "fpawn"]
[Result "0-1"]
[WhiteElo "2116"]
[BlackElo "2430"]
[TimeControl "180+1"]
[EndTime "15:54:20 PDT"]
[Termination "fpawn won on time"]

1. c4 f5 2. b3 Nf6 3. Bb2 e6 4. f4 Be7 5. Nf3 O-O 6. g3 d6 7.
Bg2 Nc6 8. O-O Bd7 9. d3 Rb8 10. a4 Ng4 11. Qd2 Bf6 12. d4 a5 13. h3 Nh6 14. d5 Bxb2 15. Qxb2 exd5 16. cxd5 Nb4 17.
Ng5 Qe7 18. Nc3 Nf7 19. h4 h6 20. Nxf7 Qe3+ 21. Kh2 Rxf7 22. Rf3 Qd4 23. Rd1 Qf6 24. Qd2 Re8 25. Re3 Rxe3 26. Qxe3 Re7 27. Qd4 Qxd4 28. Rxd4 c5 29. dxc6 Bxc6 30. Bxc6 Nxc6 31. Rxd6 Re3 32. Nd5 Rxe2+ 33. Kh3 Rb2 34. Rd7 Rxb3 35. Rc7 Kh7 36. h5 Kg8 0-1

[Event "Late-Titled-Tuesday-Blitz-June-04-2024"]
[Site "Chess.com"]
[Date "2024.06.04"]
[Round "10"]
[White "Kielinkei"]
[Black "DishonorOnYourCow"]
[Result "1-0"]
[WhiteElo "2469"]
[BlackElo "2566"]
[TimeControl "180+1"]
[EndTime "15:54:23 PDT"]
[Termination "Kielinkei won by resignation"]

1. c4 e5 2. g3 Nc6 3. Bg2 Bc5 4.
d3 d6 5. Nc3 a6 6. Nf3 Nf6 7.
O-O h6 8. a3 O-O 9. b4 Ba7 10.
Bb2 Ne7 11. Rc1 Rb8 12. d4 e4 13. Nd2 e3 14. fxe3 Nf5 15. Rf3 Qe7 16. Nf1 c6 17.
Qd3 Ng4 18. Rxf5 Bxf5 19. Qxf5 Nxe3 20. Qd3 Nxg2 21. Kxg2 f5 22. Nd2 Rbe8 23. c5 dxc5 24. bxc5 Rd8 25. Nf3 Kh7 26. Qc2 g6 27. Rf1 f4 28.
Ne5 Qg5 29. Ne4 Qh5 30. g4 Qh4 31. Nd6 Rf6 32. Rxf4 Rdxd6 33. cxd6 Rxf4 34. Qxg6+ Kh8 35. Nf7+ Rxf7 36. d5+ Bd4 37. Bxd4+ Rf6 38. Bxf6+ 1-0

[Event "Late-Titled-Tuesday-Blitz-June-04-2024"]
[Site "Chess.com"]
[Date "2024.06.04"]
[Round "10"]
[White "osielchesslover2011"]
[Black "PNEPaul"]
[Result "1-0"]
[WhiteElo "2221"]
[BlackElo "1928"]
[TimeControl "180+1"]
[EndTime "15:54:23 PDT"]
[Termination "osielchesslover2011 won on time"]

1. e4 e5 2. Nf3 Nc6 3. Bc4 Be7 4. Nc3 Nf6 5. Nd5 O-O 6. d3 h6 7. O-O d6 8. c3 Bg4 9. h3 Bh5 10.
g4 Nxg4 11. hxg4 Bxg4 12. Ne3 Bh5 13. d4 Bg5 14. Be2 Bf4 15. Ng2 g5 16. Bxf4 exf4 17.
d5 Ne7 18. Nh2 Bg6 19. Ng4 f5 20. Nxh6+ Kg7 21. Nxf5+ Nxf5 22. exf5 Bxf5 23. Bg4 Qf6 24. Bxf5 Qxf5 25. Qd4+ Kg8 26. Rfe1 Qh3 27. Re7 Rf7 28. Rae1 Raf8 29. Rxf7 Kxf7 30. Re6 Qg4 31. Qf6+ 1-0

[Event "Late-Titled-Tuesday-Blitz-June-04-2024"]
[Site "Chess.com"]
[Date "2024.06.04"]
[Round "10"]
[White "MaxLeto"]
[Black "talaicito"]
[Result "0-1"]
[WhiteElo "2423"]
[BlackElo "2225"]
[TimeControl "180+1"]
[EndTime "15:54:26 PDT"]
[Termination "talaicito won by checkmate"]

1. g4 e5 2. Bg2 d5 3. d4 e4 4. c4 c6 5. Nc3 Bxg4 6. Qb3 Qd7 7. cxd5 cxd5 8. Qxd5 Nf6 9. Qxd7+ Nbxd7 10. Nxe4 Nxe4 11. Bxe4 Bb4+ 12. Bd2 Bxd2+ 13. Kxd2 O-O-O 14. h3 Nf6 15. Bd3 Bh5 16. e3 Rhe8 17. Ne2 Bxe2 18. Bxe2 Ne4+ 19. Ke1 Kb8 20. Rc1 Rc8 21. Rb1 Rc2 22. Rf1 f5 23. Bd3 Rc7 24. Ke2 Rec8 25. Rg1 g6 26. h4 a6 27. h5 Rc2+ 28. Bxc2 Rxc2+ 29. Kd3 Rxf2 30. hxg6 b5 31. g7 Rd2# 0-1

[Event "Late-Titled-Tuesday-Blitz-June-04-2024"]
[Site "Chess.com"]
[Date "2024.06.04"]
[Round "10"]
[White "Michalczak"]
[Black "scrambleyourbrain"]
[Result "0-1"]
[WhiteElo "2509"]
[BlackElo "2405"]
[TimeControl "180+1"]
[EndTime "15:54:27 PDT"]
[Termination "scrambleyourbrain won by resignation"]

1. e4 e5 2. Nf3 Nc6 3. Bb5 a6 4. Ba4 Nf6 5. O-O Be7 6. Re1 b5 7. Bb3 d6 8. c3 O-O 9. h3 Na5 10. Bc2 c5 11. d4 Qc7 12. Nbd2 cxd4 13. cxd4 Nc6 14. Nb3 a5 15. Be3 a4 16. Nbd2 Bd7 17. a3 Rfe8 18. Rc1 Qb7 19. dxe5 dxe5 20. Bd3 Rab8 21.
Bc5 Be6 22. Bxe7 Rxe7 23. Qe2 Bd7 24. Nf1 b4 25. Ne3 Nh5 26. Nd5 Ree8 27. Ng5 Nf4 28. Nxf4 exf4 29. Qh5 h6 30. Qxf7+ Kh8 31. Qh5 Ne5 32.
Bb1 Kg8 33. Nf3 Qb5 34. Rc7 Nxf3+ 35. Qxf3 Re7 36. e5 Rbe8 37. Qe4 Rxe5 38. Qh7+ Kf8 39.
Rxe5 Rxe5 40. Qh8+ Kf7 41. Bh7 Re8 42. Bg6+ Kxg6 43.
Qxe8+ Bxe8 0-1

[Event "Late-Titled-Tuesday-Blitz-June-04-2024"]
[Site "Chess.com"]
[Date "2024.06.04"]
[Round "10"]
[White "YellowJacek"]
[Black "Agustin_Meza"]
[Result "1-0"]
[WhiteElo "2380"]
[BlackElo "2195"]
[TimeControl "180+1"]
[EndTime "15:54:27 PDT"]
[Termination "YellowJacek won by checkmate"]

1. e4 c5 2. Nf3 Nc6 3. d4 cxd4 4. Nxd4 e5 5. Nb5 d6 6. N1c3 a6 7. Na3 b6 8. Nd5 Nf6 9. Bg5 Be7 10. Bxf6 Bxf6 11. Nc4 O-O 12. Ncxb6 Rb8 13. Nxc8 Rxc8 14. c3 Rb8 15. b4 Bg5 16. Bxa6 Ne7 17. O-O Nxd5 18.
Qxd5 Qc7 19. Qd3 Rb6 20. b5 Qc5 21. a4 h5 22. a5 Rbb8 23. b6 Rfd8 24. Bb5 d5 25. exd5 Rxd5 26. Qc4 Qxb5 27. Qc7 Rdd8 28. Rfb1 Qd5 29. a6 Rbc8 30. Qxc8 Rxc8 31. b7 Rd8 32. a7 Bf4 33. a8=Q Rxa8 34. bxa8=Q+ Qxa8 35. Rxa8+ Kh7 36. Ra7 Kg6 37. Rbb7 f6 38. Rxg7+ Kf5 39. g3 h4 40. gxf4 exf4 41. Ra5+ Ke4 42. Re7+ Kf3 43. c4 h3 44.
Ra3+ Kg4 45. Re4 f5 46. f3+ Kg5 47. Re8 Kh4 48. c5 Kg5 49. Rg8+ Kh4 50. Ra7 Kh5 51. Rh7# 1-0

[Event "Late-Titled-Tuesday-Blitz-June-04-2024"]
[Site "Chess.com"]
[Date "2024.06.04"]
[Round "10"]
[White "subham777"]
[Black "IMRosen"]
[Result "0-1"]
[WhiteElo "2575"]
[BlackElo "2751"]
[TimeControl "180+1"]
[EndTime "15:54:29 PDT"]
[Termination "IMRosen won on time"]

1. e4 c5 2. Nf3 Nc6 3. Bb5 e6 4.
O-O Nge7 5. c3 a6 6. Ba4 b5 7.
Bc2 d5 8. exd5 Nxd5 9. a4 Bb7 10. axb5 axb5 11. Rxa8 Qxa8 12. Na3 Nc7 13. d4 cxd4 14. Bf4 Bxa3 15. Bxc7 Bxb2 16. Nxd4 Nxd4 17. Qxd4 O-O 18. Rb1 Rc8 19. Rxb2 Rxc7 20. Rxb5 Qc8 21. Bxh7+ Kf8 22. Qb4+ Ke8 23. h3 g6 24. Qd4 Rxc3 25. Qh8+ Ke7 26. Qxc8 Bxc8 0-1

[Event "Late-Titled-Tuesday-Blitz-June-04-2024"]
[Site "Chess.com"]
[Date "2024.06.04"]
[Round "10"]
[White "gabduschew"]
[Black "arnoldpetra"]
[Result "0-1"]
[WhiteElo "2327"]
[BlackElo "2485"]
[TimeControl "180+1"]
[EndTime "15:54:29 PDT"]
[Termination "arnoldpetra won on time"]

1. e4 d6 2. d4 c6 3. Nc3 g6 4. f4 Bg7 5. e5 Qb6 6. Nf3 Bg4 7. Be2 Nd7 8. Na4 Qa5+ 9. c3 b5 10. Ng5 Bxe2 11. Qxe2 bxa4 12. e6 fxe6 13. Nxe6 Bf6 14. O-O Nf8 15. Nxf8 Kxf8 16. f5 g5 17. Qh5 Qd5 18.
Bxg5 Qf7 19. Qh4 Bxg5 20. Qxg5 Nf6 21. g3 Rg8 22. Qf4 Rg4 23. Qf3 Qd5 24. Qe3 h5 25. Rae1 Re8 26. Qh6+ Kg8 27. Re6 h4 28. Rxf6 exf6 29.
Qxf6 Qe4 0-1

[Event "Late-Titled-Tuesday-Blitz-June-04-2024"]
[Site "Chess.com"]
[Date "2024.06.04"]
[Round "10"]
[White "rasmussvane"]
[Black "JSPrepz"]
[Result "1/2-1/2"]
[WhiteElo "2920"]
[BlackElo "2846"]
[TimeControl "180+1"]
[EndTime "15:54:30 PDT"]
[Termination "Game drawn by repetition"]

1. Nf3 c5 2. c4 g6 3. d4 Bg7 4. d5 b5 5. e4 bxc4 6. Bxc4 d6 7.
O-O Nd7 8. Nc3 Ngf6 9. h3 O-O 10. Re1 Rb8 11. Qc2 Nb6 12. Bf1 Nfd7 13. Bf4 Bb7 14. Rad1 c4 15. Qd2 Nc5 16. Bh6 Re8 17. Bxg7 Kxg7 18.
Qd4+ Kg8 19. e5 Nd3 20. Bxd3 cxd3 21. e6 f6 22. Rxd3 Rc8 23. b3 Qc7 24. Ne4 Bxd5 25.
Ng3 Qc2 26. Nh4 Kh8 27. Rde3 Ba8 28. R3e2 Qc6 29. Re3 Nd5 30. Nxg6+ hxg6 31. Qh4+ Kg8 32. Qh6 Nxe3 33. Qxg6+ Kh8 34. Qh6+ Kg8 35. Qg6+ Kh8 36. Qh6+ Kg8 37. Qg6+ 1/2-1/2

[Event "Late-Titled-Tuesday-Blitz-June-04-2024"]
[Site "Chess.com"]
[Date "2024.06.04"]
[Round "10"]
[White "Flawless_Fighter"]
[Black "profedechess93"]
[Result "0-1"]
[WhiteElo "2682"]
[BlackElo "2628"]
[TimeControl "180+1"]
[EndTime "15:54:30 PDT"]
[Termination "profedechess93 won by resignation"]

1. e4 e6 2. d4 d5 3. Nd2 Be7 4. Bd3 c5 5. exd5 Qxd5 6. Ngf3 Nf6 7. dxc5 Nbd7 8. O-O Nxc5 9. Bc4 Qh5 10. Qe2 O-O 11.
b3 b6 12. Bb2 Bb7 13. h3 Nd5 14. Qe5 Qxe5 15. Bxe5 Rfd8 16. a4 Nb4 17. c3 Nc6 18. Bg3 Na5 19. Nd4 Bf6 20. N2f3 Bxf3 21. Nxf3 Nxc4 22. bxc4 Bxc3 23. Rac1 Nxa4 24. Rc2 Bf6 25. Bf4 Rac8 26. Rfc1 Nc5 27. Be3 Nd3 28. Rd1 Nb4 29.
Rcd2 Rxd2 30. Rxd2 Rxc4 31. Rd7 Nc6 32. Rc7 h6 33. g4 Ne5 34. Rxc4 Nxc4 35. Kf1 Nxe3+ 36. fxe3 a5 37. Ke2 a4 38. Kd3 b5 39. e4 a3 40. e5 a2 0-1

[Event "Late-Titled-Tuesday-Blitz-June-04-2024"]
[Site "Chess.com"]
[Date "2024.06.04"]
[Round "10"]
[White "Zampronha1971"]
[Black "The_Sherman_Variation"]
[Result "0-1"]
[WhiteElo "2426"]
[BlackElo "2601"]
[TimeControl "180+1"]
[EndTime "15:54:32 PDT"]
[Termination "The_Sherman_Variation won on time"]

1. e4 b6 2. d4 Bb7 3. Bd3 e6 4.
Nf3 Nf6 5. Nbd2 d5 6. e5 Ne4 7. O-O Nxd2 8. Bxd2 h6 9. Re1 Be7 10. c3 c5 11. Rc1 Nd7 12. Qe2 Qc7 13. Qe3 O-O-O 14.
a4 c4 15. Bc2 g5 16. Kh1 Rdg8 17. b4 g4 18. Ng1 h5 19. b5 h4 20. a5 g3 21. fxg3 hxg3 22. h3 Kb8 23. axb6 axb6 24. Ra1 f6 25. exf6 Nxf6 26. Qxe6 Ng4 27. Nf3 Bd6 28. Bf5 Nf2+ 29. Kg1 Rf8 30. Qd7 Qxd7 31. Bxd7 Kc7 32. Bc6 Bxc6 33. bxc6 Nxh3+ 34. gxh3 Rxf3 35. Re3 Rxe3 36. Bxe3 Rxh3 37. Rf1 g2 38. Rf7+ Kxc6 39.
Bf2 Rxc3 40. Kxg2 b5 41. Rf6 b4 42. Kf1 b3 0-1

[Event "Late-Titled-Tuesday-Blitz-June-04-2024"]
[Site "Chess.com"]
[Date "2024.06.04"]
[Round "10"]
[White "Jagerrmeisterr"]
[Black "SaraciNderim"]
[Result "1-0"]
[WhiteElo "2695"]
[BlackElo "2870"]
[TimeControl "180+1"]
[EndTime "15:54:34 PDT"]
[Termination "Jagerrmeisterr won by resignation"]

1. e4 c6 2. Nc3 e5 3. d4 d6 4. Nf3 Qc7 5. Bc4 Be7 6. a4 Nf6 7. h3 O-O 8. O-O Nbd7 9. Ba2 b6 10. Re1 a5 11. Bg5 h6 12. Bh4 Re8 13. Bg3 Bf8 14. Nh4 exd4 15. Qxd4 Nc5 16. Ng6 Ne6 17. Bxe6 Rxe6 18.
Nxf8 Kxf8 19. Rad1 Ne8 20. f4 c5 21. Qf2 Bb7 22.
f5 Re7 23. Nb5 Qc6 24. Bxd6 Nxd6 25. Rxd6 Qe8 26. f6 Rxe4 27. fxg7+ Kg8 28. Rxe4 Bxe4 29.
Rxh6 Bh7 30. Nc7 Qxa4 31. Nxa8 Qa1+ 32. Kh2 Qxb2 33. Nxb6 Kxg7 34. Rd6 Qe5+ 35. Qg3+ Qxg3+ 36. Kxg3 Bxc2 37. Rc6 a4 38. Rxc5 Bb3 39. Ra5 1-0

[Event "Late-Titled-Tuesday-Blitz-June-04-2024"]
[Site "Chess.com"]
[Date "2024.06.04"]
[Round "10"]
[White "WilliamAlfaroCaracas"]
[Black "VirtualCoach"]
[Result "1-0"]
[WhiteElo "2383"]
[BlackElo "2229"]
[TimeControl "180+1"]
[EndTime "15:54:34 PDT"]
[Termination "WilliamAlfaroCaracas won by resignation"]

1. Nf3 c5 2. c4 Nc6 3. Nc3 g6 4.
g3 Bg7 5. Bg2 e6 6. O-O Nge7 7. a3 O-O 8. Rb1 d5 9. cxd5 exd5 10.
d3 a5 11. Bf4 Nd4 12. Rc1 Nxf3+ 13. Bxf3 Be6 14. Nb5 Rc8 15. Na7 Ra8 16. Nb5 Bxb2 17. Rb1 Bg7 18. Nc7 Rc8 19. Rxb7 Nc6 20. Nxe6 fxe6 21. Bg4 Re8 22. Qd2 Nd4 23. Bh6 Qf6 24. Bxg7 Qxg7 25. Rxg7+ Kxg7 26. e3 Nf5 27. Rb1 Rb8 28.
Rxb8 Rxb8 29. Bxf5 gxf5 30. Qxa5 Rb1+ 31. Kg2 Rc1 32. Qc7+ Kf6 33. Qd8+ Kg6 34. Qe7 1-0

[Event "Late-Titled-Tuesday-Blitz-June-04-2024"]
[Site "Chess.com"]
[Date "2024.06.04"]
[Round "10"]
[White "FischerKasparow"]
[Black "JaackCamel"]
[Result "1-0"]
[WhiteElo "2104"]
[BlackElo "2218"]
[TimeControl "180+1"]
[EndTime "15:54:36 PDT"]
[Termination "FischerKasparow won on time"]

1. e4 e6 2. d4 d5 3. Nc3 Bb4 4.
e5 Ne7 5. Nf3 O-O 6. Bd3 f6 7.
O-O c5 8. Nb5 c4 9. Be2 a6 10.
Nc3 Nbc6 11. exf6 gxf6 12. Bh6 Rf7 13. a3 Ba5 14. Na4 Bc7 15. Nh4 Ng6 16. Bh5 Nce7 17. Nf3 Kh8 18. Re1 Bd7 19. Nc5 b6 20. Nxe6 Bxe6 21.
Rxe6 Qd7 22. Qe2 Rg8 23. Kh1 Bf4 24. Bxg6 Nxg6 25. Nh4 Bxh6 26. Nxg6+ hxg6 27. Re1 Kg7 28. Qg4 Rd8 29. h4 Rdf8 30. h5 g5 31. Qf5 1-0

[Event "Late-Titled-Tuesday-Blitz-June-04-2024"]
[Site "Chess.com"]
[Date "2024.06.04"]
[Round "10"]
[White "Arteler"]
[Black "katharinareinecke"]
[Result "1/2-1/2"]
[WhiteElo "2224"]
[BlackElo "1998"]
[TimeControl "180+1"]
[EndTime "15:54:37 PDT"]
[Termination "Game drawn by repetition"]

1. Nf3 d5 2. c4 e6 3. d4 Nf6 4. Nc3 c6 5. Bg5 Be7 6. e3 O-O 7. cxd5 cxd5 8. Bd3 a6 9. O-O b5 10. Rc1 Bb7 11. a3 Nc6 12. b4 Rc8 13. Nd2 h6 14. Bh4 Qd7 15. Nb3 Ne8 16. Bxe7 Qxe7 17.
Nc5 Nd6 18. a4 bxa4 19. Qxa4 Nc4 20. Bxc4 dxc4 21. Ne2 e5 22. Nxb7 Qxb7 23. Rxc4 exd4 24. Nxd4 Nxd4 25. Rxd4 Rc6 26. Rfd1 Rg6 27. g3 Qf3 28. Ra1 Rf6 29. Rf4 Rxf4 30. exf4 Ra8 31. Qd1 Qc3 32. Qa4 Qf3 33. Ra3 Qb7 34. Re3 Rc8 35.
Re1 g6 36. Re8+ Rxe8 37. Qxe8+ Kh7 38. Qa4 h5 39. Qa5 Kg7 40. Qe5+ Kh7 41. Qc5 Kg7 42. Qe5+ Kh7 43. Qc5 Kg7 44. Qe5+ 1/2-1/2

[Event "Late-Titled-Tuesday-Blitz-June-04-2024"]
[Site "Chess.com"]
[Date "2024.06.04"]
[Round "10"]
[White "Darkbluelord"]
[Black "janhelmer03"]
[Result "0-1"]
[WhiteElo "2127"]
[BlackElo "2364"]
[TimeControl "180+1"]
[EndTime "15:54:39 PDT"]
[Termination "janhelmer03 won by checkmate"]

1. e4 c5 2. Nc3 g6 3. f4 Bg7 4.
Nf3 Nc6 5. Bc4 d6 6. f5 Nf6 7.
O-O O-O 8. d3 a6 9. a4 gxf5 10.
Qe1 fxe4 11. dxe4 Nd4 12. Qh4 Nxf3+ 13. Rxf3 Be6 14. Bh6 Bxh6 15. Qxh6 Kh8 16. Bd3 Ng4 17. Qh4 Ne5 18. Rg3 Rg8 19. Rxg8+ Qxg8 20. Qxe7 Qg7 21. Qxd6 Rg8 22. Bf1 h5 23. Ne2 h4 24. h3 Bxh3 25. Nf4 Bxg2 26. Bxg2 h3 27. Qd1 Qg5 28. Qh5+ Qxh5 29.
Nxh5 Rxg2+ 30. Kh1 Nf3 31. Rf1 Rh2# 0-1

[Event "Late-Titled-Tuesday-Blitz-June-04-2024"]
[Site "Chess.com"]
[Date "2024.06.04"]
[Round "10"]
[White "arctic_t00"]
[Black "alexrustemov"]
[Result "1-0"]
[WhiteElo "2652"]
[BlackElo "2801"]
[TimeControl "180+1"]
[EndTime "15:54:41 PDT"]
[Termination "arctic_t00 won on time"]

1. Nf3 d5 2. g3 Nf6 3. Bg2 Bf5 4. O-O e6 5. c4 c6 6. Qb3 Qb6 7. d3 Nbd7 8. Be3 Bc5 9. Bxc5 Nxc5 10. Qc3 a5 11.
cxd5 cxd5 12. Qd4 O-O 13. Nc3 Rfc8 14. Rab1 h6 15. h3 Rc7 16. a3 Ncd7 17. Qxb6 Nxb6 18.
Nd4 Bg6 19. Ncb5 Rc5 20. f4 Rac8 21. b4 axb4 22. axb4 Rc2 23. Nxc2 Rxc2 24. Nd4 Rd2 25.
Rfd1 Ra2 26. Ra1 Rb2 27. Rdb1 Rd2 28. Kf1 Nc4 29. Nf3 Ne3+ 30. Kf2 Nxg2 31. Nxd2 Nxf4 32. gxf4 Bxd3 33. exd3 Ne4+ 34. dxe4 g5 35. b5 Kg7 36. b6 gxf4 37. Ra7 Kf6 38. Rxb7 dxe4 39. Nxe4+ Kf5 40. Rxf7+ Kxe4 41. b7 e5 42. b8=Q h5 43. Re1+ Kd3 44.
Qxe5 f3 45. Rd7+ Kc2 46. Qc5+ Kb3 47. Rb7+ 1-0

[Event "Late-Titled-Tuesday-Blitz-June-04-2024"]
[Site "Chess.com"]
[Date "2024.06.04"]
[Round "10"]
[White "BerlinDrawer"]
[Black "shimastream"]
[Result "0-1"]
[WhiteElo "2577"]
[BlackElo "2957"]
[TimeControl "180+1"]
[EndTime "15:54:43 PDT"]
[Termination "shimastream won by resignation"]

1. e4 c5 2. Nf3 e6 3. b3 b6 4. Bb2 Bb7 5. Nc3 Nf6 6. e5 Nd5 7. g3 Be7 8. Bg2 O-O 9. O-O Nxc3 10. dxc3 d5 11. exd6 Qxd6 12. Qxd6 Bxd6 13. Rad1 Be7 14. c4 Bf6 15. Bxf6 gxf6 16. Rd6 Be4 17. Nh4 Bxg2 18. Nxg2 Rc8 19. Rfd1 Nc6 20. c3 Rd8 21. Ne3 Rxd6 22. Rxd6 Rc8 23. Rd7 Kf8 24. f4 f5 25.
Kf2 Ke8 26. Rb7 Rd8 27. Ke2 Rd7 28. Rxd7 Kxd7 29. Kf3 Ke7 30. Ng2 Kf6 31. Ke3 Ne7 32.
Ne1 Nc8 33. Nf3 Nd6 34. Nd2 Kg6 35. Kf3 f6 36. Ke3 e5 37. Kf3 Kf7 38. h3 Ke6 39. Ke3 Nf7 40. Kf3 Nd8 41. Ke3 Nc6 42. Kf3 Ne7 43. Ke3 Ng6 44. Kf3 h5 45. Ke3 h4 46.
fxe5 hxg3 47. exf6 Kxf6 48. Kf3 f4 49. Ne4+ Ke5 50.
Ng5 Kf5 51. Nf7 Nh4+ 52. Ke2 f3+ 53. Kf1 Kf4 54. Nd6 f2 0-1

[Event "Late-Titled-Tuesday-Blitz-June-04-2024"]
[Site "Chess.com"]
[Date "2024.06.04"]
[Round "10"]
[White "LoonsDeKoeben"]
[Black "StoreySniper"]
[Result "1-0"]
[WhiteElo "2301"]
[BlackElo "2442"]
[TimeControl "180+1"]
[EndTime "15:54:43 PDT"]
[Termination "LoonsDeKoeben won by resignation"]

1. e4 g6 2. d4 Bg7 3. f3 d5 4.
Be3 c6 5. Nc3 e6 6. e5 Ne7 7. f4 b6 8. Nf3 Ba6 9. Bxa6 Nxa6 10. Qe2 Nc7 11. g4 h5 12. Ng5 hxg4 13.
O-O-O Nf5 14. Rdg1 Qe7 15. Rxg4 O-O-O 16. h3 Rh5 17.
Qf3 Rdh8 18. Ne2 Bh6 19. Ng3 Nxg3 20. Qxg3 Bxg5 21. fxg5 Ne8 22. Bd2 Ng7 23. Qc3 Kb7 24. a4 Nf5 25. a5 Rh4 26. Rxh4 Rxh4 27. a6+ Kc7 28. Be3 Re4 29. Re1 Rxe3 30. Rxe3 Qxg5 31. Kd2 Qxe3+ 32. Qxe3 Nxe3 33. Kxe3 c5 34. c3 c4 35. Kf4 Kd7 36. Kg4 Ke7 37. Kg5 Kf8 38. Kf4 Kg7 39. Kg5 Kh7 40. Kf6 Kg8 41. Ke7 Kg7 42. Kd6 g5 43. Kc7 f6 44. exf6+ Kxf6 45.
Kb7 e5 46. dxe5+ Kxe5 47. Kxa7 b5 48. Kb7 b4 49. a7 bxc3 50. bxc3 d4 51. a8=Q dxc3 52.
Qh8+ Ke4 53. Qxc3 1-0

[Event "Late-Titled-Tuesday-Blitz-June-04-2024"]
[Site "Chess.com"]
[Date "2024.06.04"]
[Round "10"]
[White "sergeikim"]
[Black "Mikhail_Golubev"]
[Result "1-0"]
[WhiteElo "2624"]
[BlackElo "2507"]
[TimeControl "180+1"]
[EndTime "15:54:48 PDT"]
[Termination "sergeikim won by checkmate"]

1. d4 Nf6 2. c4 g6 3. Nc3 Bg7 4. e4 d6 5. Nge2 Nbd7 6. Ng3 e5 7. d5 h5 8. Be2 h4 9. Nf1 Bh6 10. Ne3 a5 11. O-O Nc5 12. Qc2 O-O 13. h3 Kg7 14. b3 Bf4 15. a3 a4 16. bxa4 Bd7 17.
Rb1 b6 18. Rb4 Qe7 19. Bf3 Nh7 20. Nb5 Ng5 21. Bd1 Ncxe4 22. Nxc7 Rac8 23. Nb5 Nc5 24. Qe2 f5 25. Bc2 Kh7 26. Na7 Rc7 27. Nc6 Bxc6 28. dxc6 Bxe3 29. Bxe3 Rxc6 30. Bxg5 Qxg5 31. Rfb1 Qd8 32. Qd1 Qc7 33. Qd5 Rf7 34. a5 bxa5 35.
Rb8 Rg7 36. Ra8 a4 37. Rbb8 Nb3 38. Rh8# 1-0

[Event "Late-Titled-Tuesday-Blitz-June-04-2024"]
[Site "Chess.com"]
[Date "2024.06.04"]
[Round "10"]
[White "cthake"]
[Black "shirovin"]
[Result "1/2-1/2"]
[WhiteElo "1756"]
[BlackElo "2092"]
[TimeControl "180+1"]
[EndTime "15:54:48 PDT"]
[Termination "Game drawn by repetition"]

1. c4 f5 2. Nc3 Nf6 3. g3 g6 4. Bg2 Bg7 5. e3 O-O 6. d4 d6 7.
Nge2 Qe8 8. O-O e5 9. Nd5 Nxd5 10. Bxd5+ Kh8 11. dxe5 dxe5 12. Qb3 c6 13. Bg2 Na6 14. Bd2 Nc5 15. Qc2 Be6 16. Rac1 Rd8 17. b3 Nd3 18.
Rcd1 e4 19. Bc3 Qe7 20. Nf4 Bg8 21. Bxg7+ Qxg7 22. Nxd3 exd3 23. Rxd3 Rde8 24. Rfd1 Re7 25. h4 Rfe8 26. Qc3 Qxc3 27. Rxc3 a5 28. Rcd3 a4 29.
Rd7 Kg7 30. R1d2 Be6 31. Rxe7+ Rxe7 32. Rd8 Kf6 33. Kf1 axb3 34. axb3 b5 35. Bxc6 bxc4 36.
bxc4 Bxc4+ 37. Kg2 Rc7 38. Bf3 h6 39. Rd6+ Kg7 40.
Bd5 Bb5 41. Bf3 Rc1 42. Rd1 Rc2 43. Rd5 Bc4 44. Rd7+ Kf6 45. Rd6+ Kg7 46. Rd7+ Kf6 47. Rd6+ Kg7 48. Rd7+ 1/2-1/2

[Event "Late-Titled-Tuesday-Blitz-June-04-2024"]
[Site "Chess.com"]
[Date "2024.06.04"]
[Round "10"]
[White "th3d4rkness"]
[Black "Navyblue1"]
[Result "0-1"]
[WhiteElo "2153"]
[BlackElo "2200"]
[TimeControl "180+1"]
[EndTime "15:54:49 PDT"]
[Termination "Navyblue1 won on time"]

1. e4 c5 2. Nc3 d6 3. d4 cxd4 4. Qxd4 a6 5. b3 Nc6 6. Qd2 Nf6 7. Bb2 g6 8. O-O-O Qa5 9. Kb1 Bg7 10. f3 O-O 11. g4 b5 12. h4 b4 13. Nd5 Nxd5 14.
exd5 Bc3 15. Qc1 Ne5 16. h5 Bxb2 17. Qxb2 Qc5 18. Be2 a5 19. hxg6 fxg6 20. Nh3 Qe3 21. f4 Qxe2 22. fxe5 Qxe5 23. Qxe5 dxe5 24. Ng5 Bxg4 25.
Rde1 Bh5 26. Rxe5 Rfd8 27. Ne6 Rd6 28. Rg1 Kh8 29. Ng5 Kg8 30. Rge1 Ra7 31. c4 bxc3 32. Kc2 Rad7 33. Rxe7 Rxd5 34. Re8+ Kg7 35. Ne6+ Kh6 36. Kxc3 Rd3+ 37. Kc4 Rd2 0-1

[Event "Late-Titled-Tuesday-Blitz-June-04-2024"]
[Site "Chess.com"]
[Date "2024.06.04"]
[Round "10"]
[White "Msb2"]
[Black "FXDon77"]
[Result "0-1"]
[WhiteElo "3026"]
[BlackElo "2887"]
[TimeControl "180+1"]
[EndTime "15:54:54 PDT"]
[Termination "FXDon77 won by checkmate"]

1. d4 Nf6 2. c4 e6 3. Nc3 Bb4 4. e3 O-O 5. Bd2 d5 6. Nf3 b6 7. cxd5 exd5 8. Rc1 Re8 9. Ne5 Bb7 10. Bd3 Bf8 11. f4 c5 12. g4 Ne4 13. g5 cxd4 14.
exd4 Nc6 15. Be3 Nxe5 16. fxe5 Nxg5 17. O-O Ne4 18. Qf3 Qe7 19. Nxd5 Bxd5 20. Bxe4 Bxe4 21. Qxe4 Rac8 22. Rxc8 Rxc8 23. d5 Re8 24. Qf5 g6 25. Qf3 Qxe5 26. Qxf7+ Kh8 27. Rf3 Bg7 28. d6 Rf8 29. d7 Qd6 30. Bf4 Qd1+ 31. Rf1 Qd4+ 32. Be3 Qxe3+ 33. Kh1 Qe4+ 34. Rf3 Rxf7 35. d8=Q+ Bf8 36.
Kg2 Qxf3+ 37. Kg1 Qf1# 0-1

[Event "Late-Titled-Tuesday-Blitz-June-04-2024"]
[Site "Chess.com"]
[Date "2024.06.04"]
[Round "10"]
[White "djano"]
[Black "yobdc"]
[Result "1-0"]
[WhiteElo "2624"]
[BlackElo "2533"]
[TimeControl "180+1"]
[EndTime "15:54:57 PDT"]
[Termination "djano won by checkmate"]

1. e4 c5 2. Nc3 Nc6 3. Bb5 Nd4 4.
Nf3 e6 5. O-O Ne7 6. Nxd4 cxd4 7. Ne2 Qb6 8. Bd3 Nc6 9. c3 Be7 10. b4 a6 11. a4 a5 12. b5 Ne5 13. Bb1 d3 14. Nf4 h5 15. Nxd3 Ng4 16. Qf3 Qc7 17.
g3 b6 18. h3 Nf6 19. Ne1 Bb7 20. d4 h4 21. g4 Rc8 22. Bd2 d5 23. e5 Ne4 24.
Bxe4 dxe4 25. Qe3 Bd5 26. Ng2 g5 27. Rfc1 Qb7 28. Rc2 Rc4 29. Qe2 Kd7 30. Ne3 Rhc8 31. Kh2 Qb8 32. Kg1 Qb7 33. Qf1 f6 34. Nxc4 Rxc4 35.
Be3 Qb8 36. Rd1 Ke8 37. exf6 Bxf6 38. Qe2 Be7 39. Qd2 Bd6 40. Bxg5 e3 41. Qxe3 Bh2+ 42. Kf1 Qb7 43. Bxh4 Be4 44. Re2 Bg2+ 45. Ke1 Bd5 46. Qg5 Kd7 47. Qg7+ Kc8 48. Qf8+ Kc7 49. Qd8# 1-0

[Event "Late-Titled-Tuesday-Blitz-June-04-2024"]
[Site "Chess.com"]
[Date "2024.06.04"]
[Round "10"]
[White "GMTalks_Youtube"]
[Black "Bilan_Danila"]
[Result "1-0"]
[WhiteElo "2733"]
[BlackElo "2565"]
[TimeControl "180+1"]
[EndTime "15:54:58 PDT"]
[Termination "GMTalks_Youtube won by resignation"]

1. d4 d5 2. c4 c6 3. Nf3 Nf6 4. Qb3 e6 5. Bg5 Nbd7 6. e3 Qa5+ 7. Nc3 Ne4 8. Bf4 Bd6 9. Bxd6 Nxd6 10. Nd2 dxc4 11.
Bxc4 O-O 12. O-O b6 13. Rac1 Bb7 14. Bxe6 Nf6 15. Bh3 Qg5 16. f4 Qh5 17. e4 c5 18.
d5 Ng4 19. Rce1 Bc8 20. Qd1 f5 21. e5 Nf7 22. Bxg4 fxg4 23. Nde4 Bf5 24. Ng3 Qg6 25. Nxf5 Qxf5 26. d6 Nd8 27. Nd5 Kh8 28. Ne3 Qd7 29. Qxg4 Qb7 30. Nf5 Nc6 31. Rf2 Qd7 32. Ne3 Qb7 33.
e6 Nd4 34. f5 Rg8 35. d7 Rad8 36. b4 Ra8 37. bxc5 bxc5 38. h3 Rad8 39. Kh2 Qc7+ 40. Qg3 Qb7 41. Nc4 Qd5 42. Ne5 h6 43.
Nf7+ 1-0